 Dungeon Crawl Stone Soup version 0.22.0-38-g04b72b8 (webtiles) character file.

170 Lew the Sneak (level 5, 0/36 HPs)
             Began as an Octopode Assassin on Aug 31, 2018.
             Slain by a hobgoblin
             ... wielding a +0 club
             ... led by Robin
              (8 damage)
             ... on level 3 of the Dungeon.
             The game lasted 00:05:08 (2350 turns).

Lew the Sneak (Octopode Assassin)                   Turns: 2350, Time: 00:05:09

Health: 0/36       AC:  1    Str: 10    XL:     5   Next: 51%
Magic:  5/5        EV: 14    Int: 13    God:
Gold:   211        SH:  0    Dex: 15    Spells: 4/4 levels left

rFire    . . .     SeeInvis .   i - +3 dagger (venom)
rCold    . . .     Gourm    .   (no shield)
rNeg     . . .     Faith    .   (helmet restricted)
rPois    +         Spirit   .   (no amulet)
rElec    .         Reflect  .   g - ring of poison resistance
rCorr    +         Harm     .   m - ring of resist corrosion
MR       .....                  (no ring)
Stlth    +++++.....             (no ring)
HPRegen  0.12/turn              (no ring)
MPRegen  0.09/turn              (no ring)
                                (no ring)
                                (no ring)

@: no status effects
A: almost no armour, stealthy swim, amphibious, 8 rings, constrict 8, camouflage
1, gelatinous body 1
a: no special abilities


You were on level 3 of the Dungeon.
You were not hungry.

You visited 1 branch of the dungeon, and saw 3 of its levels.

You collected 211 gold pieces.

Inventory:

Hand Weapons
 b - a +0 blowgun
 i - a +3 dagger of venom (weapon)
 n - a +1 dagger of flaming
Missiles
 c - 8 poisoned needles
 d - 2 curare-tipped needles
 h - 7 needles of confusion
Jewellery
 g - a ring of poison resistance (left tentacle)
 m - a ring of resist corrosion (right tentacle)
Scrolls
 e - 3 scrolls of teleportation
 j - a scroll of identify {unknown}
 k - a scroll of random uselessness {unknown}
Potions
 a - a potion of curing {unknown}
Comestibles
 f - 6 rations


   Skills:
 + Level 3.0 Fighting
 + Level 2.9 Short Blades
 - Level 2.0 Throwing
 + Level 2.3 Dodging
 * Level 7.2 Stealth


You had 4 spell levels left.
You didn't know any spells.
Your spell library was empty.

Dungeon Overview and Level Annotations

Branches:
Dungeon (3/15)

Altars:
Kikubaaqudgha


Innate Abilities, Weirdness & Mutations

You cannot wear most types of armour.
You are very stealthy in the water. (Stealth+)
You are amphibious.
You can wear up to eight rings at the same time.
You can use your tentacles to constrict eight enemies at once.
Your skin changes colour to match your surroundings (Stealth+).
Your rubbery body absorbs attacks. (AC +1, EV +1)


Message History

You hit Robin but do no damage.
Robin looks as sick as possible!
Robin is severely wounded.
You constrict Robin. Robin closely misses you.
You hit Robin. You squeeze Robin.
You kill Robin!
Your Fighting skill increases to level 3!
You hit the hobgoblin.
The hobgoblin is poisoned.
You grab the hobgoblin.
The hobgoblin is heavily wounded.
You constrict the hobgoblin. The hobgoblin hits you!
* * * LOW HITPOINT WARNING * * *
You hit the hobgoblin.
The hobgoblin is almost dead.
You constrict the hobgoblin, but do no damage.
The hobgoblin misses you.
You hit the hobgoblin.
You kill the hobgoblin!
You hit the hobgoblin but do no damage.
The hobgoblin is poisoned.
You grab the hobgoblin. You constrict the hobgoblin.
The hobgoblin hits you with a club!
You die...

########## #.g.l..#.
#........# #........
#........# #.g.....#
#........###g......#
.#.#.....g....g.......#
.......gg...hg........#
.#.#####g###.h......###
#g# #........# #@#
######.### # ###†## .#
#...#..#### .##
#.........# ...
#.........###..#
#..............#
#..........##..#
#..........# #
#..........#


You could see a hobgoblin and 4 goblins.

Vanquished Creatures
  A hound (D:2)
  Robin (D:3)
  3 gnolls (D:3)
  An adder (D:2)
  An ooze (D:1)
  2 worms (D:2)
  2 dart slugs
  5 leopard geckos
  An orc (D:3)
  3 giant cockroaches
  9 goblins
  10 hobgoblins
  5 jackals
  A quokka (D:2)
  9 bats
  3 frilled lizards
  7 kobolds
  6 rats
70 creatures vanquished.

Notes
Turn   | Place    | Note
-------+----------+-------------------------------------------
     0 | D:1      | Lew the Octopode Assassin began the quest for the Orb.
     0 | D:1      | Reached XP level 1. HP: 14/14 MP: 1/1
   105 | D:1      | Reached XP level 2. HP: 17/19 MP: 2/2
   605 | D:1      | Found an ancient bone altar of Kikubaaqudgha.
   617 | D:1      | Reached XP level 3. HP: 11/24 MP: 3/3
   839 | D:1      | Reached skill level 6 in Stealth
  1364 | D:2      | Reached XP level 4. HP: 20/30 MP: 4/4
  2091 | D:3      | Reached XP level 5. HP: 18/36 MP: 5/5
  2097 | D:3      | Reached skill level 7 in Stealth
  2311 | D:3      | Found a faded altar of an unknown god.
  2314 | D:3      | Noticed Robin
  2346 | D:3      | Killed Robin
  2350 | D:3      | Slain by a hobgoblin

Skill      XL: |  1  2  3  4  5 |
---------------+----------------+-----
Stealth        | 6 7 |  7.2
Dodging        | 2 |  2.3
Fighting       | 3 |  3.0
Short Blades   | |  2.9
Throwing       | |  2.0

Action                   |  1- 3 |  4- 6 || total
-------------------------+-------+-------++-------
Melee: Dagger            |    61 |    65 ||   126
       Constrict         |    17 |    18 ||    35
       Tentacles         |     8 |     6 ||    14
  Use: Scroll            |     5 |       ||     5
       Potion            |     1 |       ||     1
 Stab: Sleeping          |     8 |     9 ||    17
  Eat: Chunk             |       |     3 ||     3
       Ration            |       |     1 ||     1
Armor: Skin              |     7 |     3 ||    10
Dodge: Dodged            |    39 |    23 ||    62
